 Dungeon Crawl Stone Soup version 0.22-a0-352-gc608dd7fdd (webtiles) character file.

25757 Kriby the Brawler (level 12, -1/126 HPs)
             Began as a Troll Monk on Apr 14, 2018.
             Slain by a 12-headed hydra (2 damage)
             ... on level 2 of the Lair of Beasts.
             The game lasted 00:13:50 (11038 turns).

Kriby the Brawler (Troll Monk)                     Turns: 11038, Time: 00:13:51

Health: -1/126     AC: 12    Str: 25 (26) XL:     12   Next: 92%
Magic:  11/11      EV:  9    Int: 10      God:
Gold:   583        SH: 13    Dex: 11 (12) Spells: 11/11 levels left

rFire    . . .     SeeInvis .     - Unarmed
rCold    + . .     Gourm    +   u - +2 shield
rNeg     . . .     Faith    .   G - +2 troll leather armour
rPois    .         Spirit   .   (helmet restricted)
rElec    .         Reflect  .   z - +2 cloak
rCorr    +         Harm     .   (gloves unavailable)
MR       .....     Rnd*Tele +   (boots unavailable)
Stlth    +.........             (no amulet)
HPRegen  1.11/turn              f - ring of protection from cold
MPRegen  0.12/turn              I - ring of resist corrosion

@: no status effects
A: large, unfitting armour, claws 3, clever 2, deterioration 1, fast metabolism
3, gourmand, regeneration 1, shaggy fur 1, teleportitis 1, tough skin 2, wild
magic 1, evolution 1
a: no special abilities


You were on level 2 of the Lair of Beasts.
You were completely stuffed.

You visited 2 branches of the dungeon, and saw 13 of its levels.

You collected 610 gold pieces.
You spent 27 gold pieces at shops.

Inventory:

Missiles
 m - 7 large rocks (quivered)
 t - 5 javelins
Armour
 a - a +1 robe
 c - a +0 large shield
 u - a +2 shield (worn)
 z - a +2 cloak (worn)
 G - a +2 troll leather armour (worn)
Jewellery
 f - a ring of protection from cold (left claw)
 g - an uncursed ring of flight {unknown}
 r - an uncursed amulet of harm
 s - an uncursed ring of stealth
 C - an uncursed ring of protection from magic
 D - an uncursed amulet of the acrobat {unknown}
 I - a ring of resist corrosion (right claw)
Wands
 o - a wand of digging (13)
 p - a wand of polymorph (12)
 q - a wand of enslavement (12)
 B - a wand of flame (60)
Scrolls
 d - 4 scrolls of identify
 h - 4 scrolls of enchant weapon
 j - 3 scrolls of random uselessness
 k - a scroll of fog {unknown}
 l - 2 scrolls of teleportation
 w - a scroll of amnesia
 x - 4 scrolls of remove curse {unknown}
 y - 5 scrolls of magic mapping
 A - a scroll of fear
 F - a scroll of summoning {unknown}
 H - a scroll of acquirement {unknown}
 J - a scroll of holy word {unknown}
Potions
 e - a potion of ambrosia
 i - 4 potions of heal wounds
 n - 3 potions of flight
 v - 4 potions of curing
Comestibles
 b - 24 rations


   Skills:
 + Level 10.1 Fighting
 - Level 2.4 Dodging
 - Level 1.0 Stealth
 + Level 7.7 Shields
 * Level 15.8 Unarmed Combat


You had 11 spell levels left.
You didn't know any spells.

Dungeon Overview and Level Annotations

Branches:
Dungeon (11/15)            Temple (0/1) D:5            Lair (2/6) D:11
  Swamp: Lair:2-4    Shoals: Lair:2-4     Snake: Lair:2-4    Spider: Lair:2-4
    Orc: D:9-12

Altars:
Cheibriados
Elyvilon
Hepliaklqana
Okawaru
Xom
Yredelemnul
The Shining One

Shops:
D:5 *


Innate Abilities, Weirdness & Mutations

You are too large for most types of armour.
You have claws for hands.
Your metabolism is lightning-fast.
You like to eat raw meat.
Your natural rate of healing is unusually fast.
You are covered in fur. (AC +1)
You have very tough skin. (AC +2)
Your mind is very acute. (Int +4)
Your body sometimes deteriorates upon taking damage.
You are occasionally teleported next to monsters.
Your spells are a little harder to cast, but a little more powerful.
You evolve.


Message History

The 11-headed hydra is heavily wounded.
You claw one of the 11-headed hydra's heads off!
The ten-headed hydra grows two more!
You eviscerate the 12-headed hydra!!!
The 12-headed hydra is almost dead.
You block the 12-headed hydra's attack. The 12-headed hydra bites you.
* * * LOW HITPOINT WARNING * * *
The 12-headed hydra completely misses you.
The 12-headed hydra bites you!
* * * LOW HITPOINT WARNING * * *
The 12-headed hydra bites you.
* * * LOW HITPOINT WARNING * * *
The 12-headed hydra completely misses you.
You block the 12-headed hydra's attack.
The 12-headed hydra bites you but does no damage.
The 12-headed hydra bites you.
* * * LOW HITPOINT WARNING * * *
The 12-headed hydra bites you.
* * * LOW HITPOINT WARNING * * *
The 12-headed hydra bites you.
You die...

### #### ## ##
#.########.P#####.## .##.
........................
..##......#..#..#.. ."###
####......##..#.###P.....
....+.....#P..).?.#...P..
...##....................
....#......#....@D..........
...##..............P........
...##............###........
...P#......####### ###.#.#.#
...##.......##...# #.......#
#####...........##
#.......#.....
####..........(..#
#.......#.....
................# #..#
≈..#..... ................#
#..# #........


You could see a 12-headed hydra.

Vanquished Creatures
  A hydra (Lair:2)
  5 death yaks (D:11)
  2 two-headed ogres (D:8)
  An unseen horror (D:11)
  Pikel (D:9)
  An ugly thing (D:11)
  An ice statue (D:10)
  2 black mambas (Lair:2)
  Psyche (D:9)
  Joseph (Lair:1)
  A centaur zombie (D:11)
  2 centaur skeletons (D:11)
  A kobold demonologist (D:11)
  3 spiny frogs (Lair:1)
  2 komodo dragons
  2 trolls
  Grinder (D:6)
  Prince Ribbit (D:7)
  2 hornets
  7 blink frogs (Lair:2)
  2 hippogriffs
  A shadow (D:11)
  Sigmund (D:5)
  2 vampires
  4 wyverns
  2 basilisks (Lair:2)
  22 yaks
  4 hungry ghosts
  Menkaure (D:4)
  Edmund (D:6)
  4 water moccasins
  A soldier ant (D:11)
  4 porcupines
  4 orc warriors (D:11)
  2 sky beasts
  3 slaves (D:9)
  4 black bears
  4 ice beasts
  A necrophage (D:11)
  8 ogres
  2 phantoms
  5 wolves (Lair:2)
  3 centaurs
  7 crocodiles
  2 big kobolds
  Blork the orc (D:6)
  9 bullfrogs
  A wyvern skeleton (D:11)
  5 killer bees (D:11)
  8 scorpions
  5 crimson imps
  A quasit (D:8)
  2 bullfrog zombies
  2 jellies
  Crazy Yiuf (D:3)
  2 orc priests
  4 hounds
  A bullfrog skeleton (D:11)
  5 iguanas
  6 orc wizards
  Natasha (thrice) (D:2)
  6 worker ants
  A hound zombie (D:5)
  A hound skeleton (D:6)
  A worker ant zombie (D:5)
  4 gnolls
  10 adders
  A shadow imp (D:5)
  An ooze (D:5)
  An adder skeleton (D:9)
  A worm (D:3)
  3 dart slugs (D:1)
  2 leopard geckos
  32 orcs
  5 bats
  9 giant cockroaches
  9 goblins
  13 hobgoblins
  10 jackals
  13 kobolds
  4 quokkas
  A ball python (D:6)
  8 frilled lizards
  A leopard gecko skeleton (D:7)
  A quokka zombie (D:6)
  5 rats
331 creatures vanquished.

Vanquished Creatures (others)
  A worker ant (D:6)
  A leopard gecko (D:6)
  2 fungi (Lair:2)
  A plant (Lair:2)
5 creatures vanquished.

Grand Total: 336 creatures vanquished

Notes
Turn   | Place    | Note
-------+----------+-------------------------------------------
     0 | D:1      | Kriby the Troll Monk began the quest for the Orb.
     0 | D:1      | Reached XP level 1. HP: 22/22 MP: 0/0
    22 | D:1      | Reached XP level 2. HP: 24/29 MP: 1/1
    97 | D:1      | Reached XP level 3. HP: 33/36 MP: 2/2
   196 | D:1      | Reached skill level 4 in Unarmed Combat
   548 | D:2      | Noticed Natasha
   553 | D:2      | Killed Natasha
   553 | D:2      | Reached XP level 4. HP: 39/45 MP: 3/3
   727 | D:2      | Found a hazy altar of Hepliaklqana.
   754 | D:2      | Noticed Natasha
   767 | D:2      | Killed Natasha
   782 | D:2      | Noticed Natasha
   795 | D:2      | Killed Natasha
   795 | D:2      | Reached skill level 5 in Unarmed Combat
   795 | D:2      | Reached XP level 5. HP: 34/53 MP: 4/4
  1550 | D:3      | Found a runed door.
  1583 | D:3      | Found a basalt altar of Yredelemnul.
  2002 | D:3      | Noticed Crazy Yiuf
  2006 | D:3      | Killed Crazy Yiuf
  2039 | D:4      | Noticed an ogre
  2047 | D:4      | Killed an ogre
  2047 | D:4      | Reached skill level 6 in Unarmed Combat
  2047 | D:4      | Reached XP level 6. HP: 45/62 MP: 5/5
  2232 | D:4      | Found a white marble altar of Elyvilon.
  2276 | D:4      | Reached XP level 7. HP: 64/70 MP: 6/6
  2306 | D:4      | Noticed Menkaure
  2311 | D:4      | Killed Menkaure
  2311 | D:4      | Reached skill level 7 in Unarmed Combat
  2815 | D:5      | Entered Level 5 of the Dungeon
  2948 | D:5      | Reached skill level 8 in Unarmed Combat
  3057 | D:5      | Noticed Sigmund
  3064 | D:5      | Reached skill level 5 in Fighting
  3067 | D:5      | Killed Sigmund
  3067 | D:5      | Reached XP level 8. HP: 59/80 MP: 7/7
  3229 | D:5      | Found a staircase to the Ecumenical Temple.
  3244 | D:5      | Found Doamet's Assorted Antiques.
  3248 | D:5      | Bought an emerald potion for 27 gold pieces
  3248 | D:5      | Gained mutation: You are occasionally teleported next to monsters. [potion of mutation]
  3248 | D:5      | Gained mutation: You are sometimes teleported next to monsters. [potion of mutation]
  3248 | D:5      | Gained mutation: You have supernaturally acute eyesight. (SInv) [potion of mutation]
  3249 | D:5      | Found a snail-covered altar of Cheibriados.
  3853 | D:6      | Reached skill level 9 in Unarmed Combat
  3904 | D:6      | Noticed Grinder
  3906 | D:6      | Paralysed by Grinder for 6 turns
  3918 | D:6      | Killed Grinder
  3950 | D:6      | Found a shimmering altar of Xom.
  3973 | D:6      | Found an iron altar of Okawaru.
  4035 | D:6      | Noticed Blork the orc
  4047 | D:6      | Killed Blork the orc
  4047 | D:6      | Reached skill level 10 in Unarmed Combat
  4049 | D:6      | Reached XP level 9. HP: 66/89 MP: 8/8
  4269 | D:6      | Noticed Edmund
  4347 | D:6      | Killed Edmund
  4995 | D:7      | Noticed Prince Ribbit
  5004 | D:7      | Killed Prince Ribbit
  5004 | D:7      | Reached skill level 1 in Shields
  5039 | D:7      | Reached skill level 11 in Unarmed Combat
  5421 | D:8      | Noticed a two-headed ogre
  5433 | D:8      | Killed a two-headed ogre
  5433 | D:8      | Reached XP level 10. HP: 68/102 MP: 9/9
  5543 | D:8      | Noticed a two-headed ogre
  5553 | D:8      | Killed a two-headed ogre
  5553 | D:8      | Reached skill level 12 in Unarmed Combat
  5674 | D:8      | Found a glowing golden altar of the Shining One.
  6115 | D:9      | Noticed Pikel
  6173 | D:9      | Killed Pikel
  6411 | D:9      | Noticed Psyche
  6420 | D:9      | Killed Psyche
  6724 | D:10     | Entered Level 10 of the Dungeon
  7015 | D:10     | Reached skill level 13 in Unarmed Combat
  7031 | D:10     | Reached XP level 11. HP: 111/111 MP: 10/10
  7717 | D:11     | Reached skill level 5 in Shields
  7796 | D:11     | Lost mutation: You are sometimes teleported next to monsters. [potion of mutation]
  7796 | D:11     | Lost mutation: You have supernaturally acute eyesight. (SInv) [potion of mutation]
  7796 | D:11     | Gained mutation: You are resistant to electric shocks. (rElec) [potion of mutation]
  7796 | D:11     | Gained mutation: You have large cloven feet. [potion of mutation]
  7811 | D:11     | Lost mutation: You have large cloven feet. [potion of mutation]
  7811 | D:11     | Lost mutation: You are resistant to electric shocks. (rElec) [potion of mutation]
  7811 | D:11     | Gained mutation: Your spells are a little harder to cast, but a little more powerful. [potion of mutation]
  7811 | D:11     | Gained mutation: Your body sometimes deteriorates upon taking damage. [potion of mutation]
  7811 | D:11     | Gained mutation: Your mind is acute. (Int +2) [potion of mutation]
  7811 | D:11     | Gained mutation: You evolve. [potion of mutation]
  7884 | D:11     | Found a staircase to the Lair.
  7884 | D:11     | Noticed a death yak
  7885 | D:11     | Noticed a death yak
  7887 | D:11     | Noticed a death yak
  7888 | D:11     | Noticed a death yak
  7889 | D:11     | Noticed a death yak
  7911 | D:11     | Killed a death yak
  7917 | D:11     | Killed a death yak
  7920 | D:11     | Killed a death yak
  7924 | D:11     | Killed a death yak
  7924 | D:11     | Reached skill level 14 in Unarmed Combat
  7930 | D:11     | Killed a death yak
  8240 | D:11     | Noticed a brown ugly thing
  8269 | D:11     | Killed a brown ugly thing
  8273 | D:11     | Killed an unseen horror
  8284 | D:11     | Reached XP level 12. HP: 108/123 MP: 11/11
  9266 | Lair:1   | Entered Level 1 of the Lair of Beasts
  9563 | Lair:1   | Identified the cursed +1 robe of Snakes and Ladders {rN+} (You found it on level 1 of the Lair of Beasts)
  9616 | Lair:1   | Reached skill level 15 in Unarmed Combat
  9721 | Lair:1   | Noticed Joseph
  9727 | Lair:1   | Killed Joseph
 10121 | Lair:1   | Gained mutation: Your mind is very acute. (Int +4) [evolution]
 10485 | Lair:2   | Noticed a five-headed hydra
 10486 | Lair:2   | Found the +10 Black Knight's horse barding {ponderous, rPois rN+}
 10599 | Lair:2   | Noticed a six-headed hydra
 10609 | Lair:2   | Killed a seven-headed hydra
 10666 | Lair:2   | Reached skill level 10 in Fighting
 11038 | Lair:2   | HP: 1/126 [12-headed hydra (6)]
 11038 | Lair:2   | Slain by a 12-headed hydra

Vault maps used:
D:1:      nzn_arrival_water_spiral
D:2:      lemuel_doored_altar, uniq_natasha
D:3:      old_standard_altar, first_ration, uniq_crazy_yiuf_cottage
D:4:      black_bear_nest_2, elyvilon_altar_4, uniq_menkaure
D:5:      temple_fountains, serial_shops, shop, hangedman_decor_diamond_cutter,
          minmay_misc_feat_tiny, cheibriados_altar_1, uniq_sigmund
D:6:      xom_confusion_cloud, kennysheep_mini, uniq_grinder,
          uniq_blork_the_orc, uniq_edmund
D:7:      uniq_prince_ribbit1
D:8:      nicolae_overflow_hidden_temple
D:9:      uniq_pikel, uniq_psyche
D:10:     minmay_statue_hallways, blue_anna_alchemist
D:11:     dpeg_lair_monsters
Lair:1:   grunt_forest_stairs_basic, st_stairs_5, uniq_joseph
Lair:2:   hangedman_lair_generics_rect, lemuel_fruit_tree

Skill      XL: |  1  2  3  4  5  6  7  8  9 10 11 12 |
---------------+-------------------------------------+-----
Unarmed Combat | 4 5 6 8 10 11 13 14 15 | 15.8
Fighting       | 3 4 5 6 7 8 9 10 | 10.1
Shields        | 3 4 6 7 |  7.7
Dodging        | |  2.4
Stealth        | |  1.0

Action                   |  1- 3 |  4- 6 |  7- 9 | 10-12 || total
-------------------------+-------+-------+-------+-------++-------
Melee: Unarmed           |    51 |   163 |   259 |   612 ||  1085
       Punch             |     1 |     1 |     9 |       ||    11
       Kick              |       |       |       |     1 ||     1
Evoke: Wand              |       |       |     2 |     7 ||     9
  Use: Scroll            |       |       |     9 |     6 ||    15
       Potion            |       |       |     7 |    10 ||    17
 Stab: Sleeping          |       |     5 |     6 |     2 ||    13
       Distracted        |       |       |       |     1 ||     1
  Eat: Chunk             |    11 |    15 |    33 |    76 ||   135
       Ration            |       |       |     1 |       ||     1
Armor: Robe              |    15 |    59 |    97 |     2 ||   173
       Troll leather arm |       |       |       |   158 ||   158
       Skin              |       |       |       |     1 ||     1
Dodge: Dodged            |    28 |    82 |   106 |   131 ||   347
Block: Shield            |       |       |    47 |   228 ||   275

Table legend:
 A = Spawn XP
 B = Non-spawn XP
 C = Spawn XP percentage of total XP
 D = Spawn monster count
 E = Non-spawn monster count
 F = Spawn count percentage of total count
 G = Total turns spent on level
                    A         B        C        D         E        F      G
               +---------+---------+-------+---------+---------+-------+---------
         Total |       0 |   36796 |   0.0 |       0 |     328 |   0.0 | 11038
               +---------+---------+-------+---------+---------+-------+---------
           D:1 |       0 |      60 |   0.0 |       0 |      22 |   0.0 |   401
           D:2 |       0 |     176 |   0.0 |       0 |      24 |   0.0 |   998
           D:3 |       0 |     124 |   0.0 |       0 |      32 |   0.0 |   640
           D:4 |       0 |     819 |   0.0 |       0 |      13 |   0.0 |   778
           D:5 |       0 |     666 |   0.0 |       0 |      19 |   0.0 |  1049
           D:6 |       0 |    1481 |   0.0 |       0 |      23 |   0.0 |  1102
           D:7 |       0 |    1280 |   0.0 |       0 |      18 |   0.0 |   517
           D:8 |       0 |    2714 |   0.0 |       0 |      16 |   0.0 |   609
           D:9 |       0 |    2938 |   0.0 |       0 |      26 |   0.0 |  1015
          D:10 |       0 |    1812 |   0.0 |       0 |      21 |   0.0 |   976
          D:11 |       0 |   11730 |   0.0 |       0 |      55 |   0.0 |  1181
        Lair:1 |       0 |    4575 |   0.0 |       0 |      21 |   0.0 |   939
        Lair:2 |       0 |    8421 |   0.0 |       0 |      38 |   0.0 |   833
               +---------+---------+-------+---------+---------+-------+---------
